 Dungeon Crawl Stone Soup version 0.30-a0-782-ge64f9170bb (webtiles) character file.

Game seed: 16503894469595544008

21 senseless the Sneak (level 2, 0/21 HPs)
             Began as an Octopode Delver on Feb 24, 2023.
             Succumbed to an adder's poison
             ... on level 3 of the Dungeon.
             The game lasted 00:02:32 (282 turns).

senseless the Sneak (Octopode Delver)                Turns: 282, Time: 00:02:33

Health: 0/21       AC:  1    Str: 11    XL:     2   Next: 83%
Magic:  2/2        EV: 10    Int: 12    God:
Gold:   10         SH:  0    Dex: 13    Spells: 1/1 levels left

rFire   . . .      SeeInvis .    a - +0 falchion
rCold   . . .      Faith    .    (no shield)
rNeg    . . .      Spirit   .    (helmet restricted)
rPois   .          Reflect  .    (no amulet)
rElec   .          Harm     .    (no ring)
rCorr   .          Rampage  .    (no ring)
Will    .....                    (no ring)
Stlth   ++++                     (no ring)
HPRegen 0.23/turn                (no ring)
MPRegen 0.08/turn                (no ring)
                                 (no ring)
                                 (no ring)

@: lethally poisoned (0 -> -4), constricted
A: almost no armour, amphibious, 8 rings, camouflage 1, gelatinous body 1,
(nimble swimmer 1), tentacles
a: no special abilities


You were on level 3 of the Dungeon.
You visited 2 branches of the dungeon, and saw 5 of its levels.

You collected 10 gold pieces.

Inventory:

Hand Weapons
 a - a +0 falchion (weapon)
 c - a +3 sling
Wands
 f - a wand of digging (3)
Scrolls
 b - a scroll of fog
 d - a scroll of fear
 j - a scroll of magic mapping
Potions
 e - a potion of haste
 h - a potion of berserk rage {unknown}
 i - a potion of attraction {unknown}


   Skills:
 + Level 3.2 Fighting
 + Level 2.3 Long Blades
 + Level 2.3 Dodging
 + Level 6.9 Stealth


You had one spell level left.
You didn't know any spells.
Your spell library was empty.

Dungeon Overview and Level Annotations

Branches:
Dungeon (6/15)             Temple (1/1) D:4

Altars:
Ashenzari
Elyvilon
Fedhas
Gozag
Hepliaklqana
Kikubaaqudgha
Makhleb
Nemelex Xobeh
Okawaru
Qazlal
Sif Muna
Trog
Uskayaw
Vehumet
Wu Jian
Xom
Yredelemnul
Zin
The Shining One


Innate Abilities, Weirdness & Mutations

You cannot wear most types of armour.
You are amphibious.
You can wear up to eight rings at the same time.
Your skin changes colour to match your surroundings (Stealth+).
Your rubbery body absorbs attacks. (AC +1, EV +1)
((You are camouflaged when in or above water. (Stealth+)))
You have tentacles for arms and can constrict up to eight enemies at once.


Message History

A ball python comes into view.
The rat misses you.
You barely miss the adder. Your grab misses the adder.
The adder is heavily wounded.
The adder misses you. The rat closely misses you. The adder bites you.
You are too injured to fight recklessly!
You are too injured to fight recklessly!
You are too injured to fight recklessly!
You miss the adder. Your grab misses the adder.
The adder is heavily wounded.
The adder barely misses you. The rat barely misses you.
You hit the adder but do no damage. Your grab misses the adder.
The adder is heavily wounded.
The adder barely misses you. The rat closely misses you. x2
You closely miss the adder. Your grab misses the adder.
The adder is heavily wounded.
The adder bites you. The ball python closely misses you. x2
The rat bites you but does no damage. The adder bites you.
You hit the adder. You grab the adder.
The adder is severely wounded.
You constrict the adder, but do no damage.
The ball python closely misses you. The ball python barely misses you.
The adder bites you but does no damage. The rat closely misses you.
You hit the adder.
The adder is severely wounded.
You constrict the adder. The ball python closely misses you. x2
The adder misses you. The rat misses you. The ball python barely misses you.
The ball python grabs you. The ball python constricts you. The adder bites you.
* * * LOW HITPOINT WARNING * * *
You are poisoned.
The adder poisons you!
You hit the adder.
You kill the adder!
* * * LOW HITPOINT WARNING * * *
You feel sick. The rat barely misses you. The ball python bites you.
* * * LOW HITPOINT WARNING * * *
The ball python constricts you.
* * * LOW HITPOINT WARNING * * *
It was a potion of cancellation.
You feel magically purged.
You die...

#.. #.........##
##
#.####.#####.....
#.###.....#
#....# #.#.######
#..... #...#
#....) #...#
...#.# #...#
#.#.# #?..#####
.# # #@.......
#Sr.####. .......
..........
...........
####...#####
#.... #...##


You could see a ball python and a rat.

Vanquished Creatures
  2 adders
  A giant cockroach (D:3)
  A hobgoblin (D:3)
4 creatures vanquished.

Notes
Turn   | Place    | Note
-------+----------+-------------------------------------------
     0 | D:5      | senseless the Octopode Delver began the quest for the Orb.
     0 | D:5      | Reached XP level 1. HP: 16/16 MP: 1/1
    17 | D:6      | Reached XP level 2. HP: 10/21 MP: 2/2
    76 | D:6      | Noticed an orc warrior
   137 | D:5      | Noticed an ice beast
   143 | D:4      | Found a staircase to the Ecumenical Temple.
   159 | Temple   | Entered the Ecumenical Temple
   159 | Temple   | Found a transporter.
   159 | Temple   | Found a transporter.
   161 | Temple   | Found a transporter.
   161 | Temple   | Found a transporter.
   281 | D:3      | HP: 1/21 [constriction (1)]
   282 | D:3      | Succumbed to an adder's poison

Illustrated notes

Levels and vault maps discovered:
D:3:      layout_loops_cross, mainiacjoe_overflow_catwalk
D:4:      layout_layer_cave, nicolae_ru_great_annihilating_truth,
          minmay_temple_entry_trees, sigmund_edmund_badplayer, uniq_grinder,
          uniq_natasha
D:5:      layout_loops_ring, uniq_edmund
D:6:      layout_loops_corners, serial_shops, nicolae_shop_trees
Temple:   hellmonk_temple_divided_pantheon

Action                     || total
---------------------------++-------
  Melee: Falchion          ||    21
         Constrict         ||     4
         Tentacles         ||     4
    Use: Scroll            ||     1
         Potion            ||     1
 Armour: Skin              ||     3
  Dodge: Dodged            ||    27

Table legend: (Time is in decaauts)
 A = Elapsed time spent in this place.
 B = Non-inter-level travel time spent in this place.
 C = Inter-level travel time spent in this place.
 D = Time resting spent in this place.
 E = Time spent auto-exploring this place.
 F = Levels seen in this place.
 G = Mean time per level.
                   A        B        C        D        E       F      G
               +--------+--------+--------+--------+--------+-----+--------+
         Total |    286 |    269 |     17 |     46 |     87 |   5 |   57.2 |
       Dungeon |    251 |    234 |     17 |     46 |     81 |   4 |   62.8 |
        Temple |     34 |     34 |      0 |      0 |      6 |   1 |   34.0 |
               +--------+--------+--------+--------+--------+-----+--------+

Top non-repeatable levels by time:
     D:6: 101 daAuts
     D:3: 83 daAuts
     D:5: 43 daAuts
  Temple: 34 daAuts
     D:4: 23 daAuts
